Elenmirie, chaotic male elven Wizard --------- |.......| ----- |.......| ----- ...| |..._...| |%..4 5 5 ---------..-- - |.......| ---- --..--------- |.......|...-- --....) | |.......| | ....-- --...|.'.....| 4 |.......|....---....%.. |. ----.---- .| ......---....|....@..| |..._...-...).%/%[%..... |.... ........| ..............-)).@...| |.......|....---).$!.... ---.........--- ........---....|.......| |.......|...-- --..$.... -----|----- .......-- --...|...)...| ---------..-- ----%--- )..%... ---|---- --..--------- ...| |...------- ....... -------...| |... ----- |.........| ....... |.........| ----- -------)..- ....... --...------- |...[- .......--....| ---...----%----...--- .%...%%[.......| ---------------- Elenmirie the Enchanter Experience level: 15 Strength: 18 Dexterity: 17 Constitution: 16 Intelligence: 20 Wisdom: 20 Charisma: 18 Health: 125(125) Energy: 74(226) Def: 46 Gold: 0 Moves: 51963 Dungeon seed: aiuV0n3nVy21gV8Q Game ID: Elenmirie_1591174366 Your Inventory: Amulets s - an uncursed amulet of life saving (being worn) O - the blessed Eye of the Aethiopica Weapons a - the blessed rustproof +6 Magicbane (weapon in hand) Armor h - a blessed burnt +6 elven leather helm (being worn) i - a blessed +4 pair of leather gloves (being worn) p - a blessed burnt +5 small shield (being worn) r - a blessed +4 pair of speed boots (being worn) z - a blessed fireproof +3 T-shirt (being worn) N - a blessed +4 silver dragon scale mail (being worn) T - a blessed thoroughly burnt rotted +4 cloak of magic resistance (being worn) Comestibles f - 4 uncursed lumps of royal jelly L - an uncursed lizard corpse named The Lizard of Yendor Potions o - an uncursed potion of full healing Rings b - an uncursed ring of conflict (on right hand) m - an uncursed ring of levitation q - an uncursed ring of free action (on left hand) Wands c - an uncursed wand of digging (0:0) d - an uncursed wand of lightning (0:8) C - an uncursed wand of teleportation (0:2) D - an uncursed wand of death (0:3) F - an uncursed wand of teleportation (0:1) H - a cursed wand of digging (0:1) K - an uncursed wand of cold (0:5) M - an uncursed wand of cancellation (0:6) Q - an uncursed wand of digging (0:3) R - an uncursed wand of fire (0:4) U - an uncursed wand of fire (0:1) W - an uncursed wand of digging (0:8) Y - an uncursed wand of teleportation (0:4) Z - an uncursed wand of sleep (0:5) Tools e - an uncursed skeleton key n - an uncursed tooled horn named THE HORN OF YENDOR u - a blessed +0 unicorn horn v - a blessed magic lamp (lit) w - a blessed bag of holding x - an uncursed towel G - an uncursed +0 unicorn horn I - the uncursed Candelabrum of Invocation (7 candles attached) (0:396) P - an uncursed stethoscope V - the blessed rustproof Master Key of Thievery X - the uncursed Bell of Opening (0:2) Gems y - a blessed luckstone Contents of the bag of holding: 11258 gold pieces 4 blessed +0 daggers 14 uncursed +0 daggers an uncursed +0 elven dagger an uncursed +0 silver dagger an uncursed +0 elven leather helm an uncursed +0 pair of water walking boots 3 uncursed K-rations an uncursed food ration 2 uncursed fortune cookies 2 uncursed lembas wafers an uncursed lizard corpse named The Lizard of Yendor 7 blessed scrolls of blank paper 9 uncursed scrolls of blank paper a cursed scroll of blank paper 4 blessed scrolls of charging an uncursed scroll of charging an uncursed scroll of confuse monster 2 uncursed scrolls of create monster 5 uncursed scrolls of destroy armor a blessed scroll of earth an uncursed scroll of earth an uncursed scroll of enchant armor an uncursed scroll of enchant weapon an uncursed scroll of fire a blessed scroll of identify a cursed scroll of magic mapping an uncursed scroll of remove curse 3 cursed scrolls of remove curse an uncursed scroll of scare monster a cursed scroll of scare monster 2 uncursed scrolls of stinking cloud an uncursed scroll of taming an uncursed scroll of teleportation 3 cursed scrolls of teleportation an uncursed potion of booze an uncursed potion of fruit juice 3 blessed potions of full healing 18 potions of holy water an uncursed potion of oil an uncursed potion of sickness a potion of unholy water a cursed -2 ring of increase damage an uncursed ring of levitation a cursed ring of polymorph an uncursed +2 ring of protection a cursed ring of see invisible an uncursed ring of stealth an uncursed ring of stealth an uncursed ring of sustain ability an uncursed ring of teleport control an uncursed ring of teleport control an uncursed ring of teleportation an uncursed wand of digging (0:4) an uncursed wand of light (0:11) an uncursed wand of magic missile (0:6) an uncursed wand of make invisible (0:6) a blessed corrodeproof wand of polymorph (0:2) an uncursed wand of probing (0:6) an uncursed wand of secret door detection (0:12) an uncursed wand of sleep (0:5) an uncursed wand of speed monster (0:5) an uncursed wand of striking (0:6) an uncursed wand of teleportation (0:5) an uncursed wand of teleportation (0:4) an uncursed wand of undead turning (0:2) an uncursed wand of wishing (0:0) an uncursed magic marker (0:77) an uncursed magic marker (0:11) an uncursed magic marker (1:2) an uncursed magic marker (1:1) an uncursed tallow candle (0:200) an uncursed tallow candle (0:200) an uncursed tinning kit (0:81) 2 blessed wax candles (0:400) a blessed wax candle (0:400) 13 uncursed wax candles (0:400) Spells and supernatural/magical abilities: Name Level Category Fail Memory a - force bolt 1 attack 0% 51% d - dig 5* matter 98% 0% e - charm monster 3* enchantment 0% 0% f - fireball 4* attack 0% 0% i - invisibility 4* escape 79% 0% l - light 1 divination 0% 83% m - magic missile 2 attack 0% 50% n - detect monsters 1 divination 0% 17% p - protection 1* clerical 0% 0% r - remove curse 3* clerical 52% 0% B - cure blindness 2* healing 0% 0% F - finger of death 7 attack 0% 55% H - haste self 3 escape 52% 98% I - identify 3 divination 0% 51% K - cure sickness 3 healing 52% 83% O - create monster 2* clerical 0% 0% U - detect unseen 3* divination 0% 0% V - teleportitis -- ability ? -- W - pray for help -- divine ? -- Your skills at the end: Fighting Skills Weapon Skills dagger [Expert] quarterstaff [Basic] Spellcasting Skills attack spells [Expert] divination spells [Skilled] enchantment spells [Basic] Final Attributes: You were the Glory of Arioch. You were piously aligned. You were fire resistant. You were cold resistant. You were sleep resistant. You were shock resistant. You were poison resistant. You were magic-protected. You saw invisible. You were telepathic. You were warned. You had infravision. You were invisible to others. You were stealthy. You caused conflict. You could teleport. You had teleport control. You were protected. You were very fast. You had reflection. You had free action. Your life would have been saved. You were extremely lucky. You had extra luck. Good luck did not time out for you. You survived. Vanquished creatures: Orcus Juiblex The Wizard of Yendor (4 times) Death Pestilence Famine (thrice) a high priest 2 mastodons Medusa 15 krakens a storm giant 2 balrogs 2 purple worms 2 gray dragons 2 silver dragons 4 red dragons a white dragon 2 orange dragons a black dragon 2 blue dragons 2 green dragons a yellow dragon 15 minotaurs 3 jabberwocks The Dark One 4 baluchitheria 7 Angels a demilich Vlad the Impaler 3 stone golems 2 Olog-hai 2 Nazgul 2 pit fiends 4 sandestins 3 hell hounds 4 titanotheres a trapper a baby white dragon a baby green dragon 4 disenchanters 20 vampire lords 5 shades 4 skeletons 24 aligned priests 2 captains 2 liches 3 water trolls 2 nurses 2 ice devils 6 nalfeshnees 6 lurkers above an Aleax 3 ettins 7 black puddings 17 vampires 28 ghosts 9 lieutenants a priest a queen bee a winged gargoyle a mind flayer 8 giant mimics 3 zruties 3 fire giants 2 ogre kings 2 ice trolls 2 rock trolls 5 umber hulks a flesh golem a doppelganger 7 hezrous 15 bone devils 4 large mimics a wumpus a fire vortex a baby purple worm 5 long worms a couatl 11 stalkers 2 air elementals 3 fire elementals an earth elemental 3 water elementals 2 hill giants 2 giant mummies a black naga 7 xorns 19 giant zombies 23 sergeants a water demon 2 barbed devils 9 vrocks 7 wargs 4 winter wolves 2 hell hound pups 14 small mimics 6 glass piercers 5 warhorses a steam vortex 9 xans an ettin mummy 5 ogre lords 4 quantum mechanics 6 trolls a sasquatch 2 wood golems an erinys a marilith 7 sharks 8 electric eels 10 gelatinous cubes 2 pyrolisks 2 large dogs a freezing sphere 7 flaming spheres 3 shocking spheres 5 large cats 7 tigers 8 gargoyles 2 dwarf kings 9 tengu 10 ochre jellies 3 leocrottas 3 energy vortices 3 mountain centaurs 3 stone giants 5 human mummies 2 red nagas a green slime 3 pit vipers 2 pythons 3 cobras 32 wraiths 2 carnivorous apes 12 ettin zombies 6 leather golems 15 Grey-elves 77 soldiers 3 horned devils 6 succubi 3 incubi 8 chameleons a crocodile 5 giant beetles 5 quivering blobs 10 cockatrices 15 wolves 10 winter wolf cubs a lynx 5 panthers 10 gremlins 3 spotted jellies 8 leprechauns 5 orc-captains 5 iron piercers 4 mumakil 7 giant spiders 6 scorpions 5 horses 6 black lights 69 vampire bats 4 forest centaurs 10 gnome kings an orc mummy 2 dwarf mummies 3 ogres 10 brown puddings 7 rust monsters 5 owlbears 6 yetis 3 gold golems 5 werewolves a Green-elf 6 piranhas 16 giant eels 8 lizards an apprentice 2 chickatrices a dog a dingo 3 housecats 2 jaguars 6 dwarf lords 6 blue jellies 4 white unicorns 2 gray unicorns 3 dust vortices 10 ravens 4 plains centaurs 6 gnome mummies 5 snakes 12 water moccasins 11 apes 20 human zombies 6 rope golems 2 Woodland-elves 8 soldier ants 12 fire ants a bugbear 8 imps 8 quasits 2 wood nymphs 6 water nymphs 2 mountain nymphs 8 Mordor orcs 6 Uruk-hai 4 orc shamans 9 rock piercers 6 rock moles 5 ponies 7 fog clouds 7 yellow lights 3 shriekers 4 violet fungi 17 gnome lords 6 gnomish wizards 2 kobold mummies 2 golden naga hatchlings a gray ooze 3 barrow wights 14 elf zombies 7 ghouls 5 straw golems 4 paper golems 4 jellyfish 2 baby crocodiles 10 giant ants a little dog 13 floating eyes 3 kittens 19 dwarves 14 homunculi 5 kobold lords 8 hill orcs 24 rothes 5 rabid rats 4 centipedes 10 giant bats 6 monkeys 11 orc zombies 16 dwarf zombies 5 wererats 4 werejackals 6 iguanas 44 killer bees 36 acid blobs 8 coyotes 4 gas spores 8 hobbits 7 manes 5 large kobolds 6 hobgoblins 15 giant rats 7 cave spiders 2 brown molds 4 yellow molds 6 green molds 4 red molds 72 gnomes 14 garter snakes 15 gnome zombies 15 geckos 16 jackals 2 foxes 2 kobolds 7 goblins 10 sewer rats 12 grid bugs 5 bats 15 lichens 9 kobold zombies 17 newts 1824 creatures vanquished. Genocided species: hobbits dwarves bugbears dwarf lords dwarf kings mind flayers master mind flayers liches demiliches master liches arch-liches jellyfish piranhas sharks giant eels electric eels krakens 17 species genocided. Voluntary challenges: You used a wielded weapon 4276 times, starting on turn 103. You read items or engraved 315 times, starting on turn 170. You genocided 17 types of monsters, starting on turn 23666. You polymorphed 15 items, starting on turn 46426. You changed form 1 time, starting on turn 46589. You used 9 wishes, starting on turn 25945. You wished for your your first artifact on turn 25950. You split 10 puddings, starting on turn 18248. You never wrote Elbereth's name. You violated your moral code, losing 920 points of alignment, starting on turn 2477. Dungeon overview: The Dungeons of Doom: levels 1 to 27 Level 1 stairs to The Elemental Planes Level 2 Level 3 (books in shop) a general store stairs to The Gnomish Mines Level 4 an altar to Anhur, a sink Level 5 Level 6 Level 7 Level 8 stairs to Sokoban Level 9 Level 10 Level 11 a sink Level 12 Level 13 portal to The Quest Level 14 Level 15 Level 16 Level 17 a fountain, a sink Level 18 Level 19 a fountain Level 20 many fountains, a sink Level 21 a fountain, a sink Level 22 Level 23 Level 24 Level 25 Level 26 Level 27 a fountain Gehennom: levels 28 to 47 Level 28 a temple to Moloch stairs to The Dungeons of Doom Level 29 Level 30 Level 31 Level 32 Level 33 Level 34 Level 35 Level 36 Level 37 some shops, an altar to Moloch Level 38 Level 39 Level 40 portal to Gehennom Level 41 Level 42 portal to Gehennom Level 43 Level 44 Level 45 Level 46 Level 47 The Gnomish Mines: levels 4 to 12 Level 4 stairs to The Dungeons of Doom Level 5 Level 6 some shops, a temple to Anhur, some fountains Level 7 Level 8 Level 9 Level 10 Level 11 Level 12 The Quest: levels 1 to 5 Level 1 portal to The Dungeons of Doom Level 2 Level 3 Level 4 Level 5 a temple to Thoth Sokoban: levels 4 to 7 Level 4 Level 5 Level 6 Level 7 stairs to The Dungeons of Doom Vlad's Tower: levels 37 to 39 Level 37 Level 38 Level 39 stairs to Gehennom The Elemental Planes: Astral Plane <- You were here some high altars Plane 4 portal to The Elemental Planes Plane 3 portal to The Elemental Planes Plane 2 portal to The Elemental Planes Plane 1 portal to The Elemental Planes History has recorded: On T:1 you entered the Dungeons of Doom to retrieve the Amulet of Yendor! On T:360 you reached level 2 of The Dungeons of Doom. On T:615 you advanced to experience level 2. On T:781 you reached level 3 of The Dungeons of Doom. On T:1534 you reached level 4 of The Dungeons of Doom. On T:1556 you advanced to experience level 3. On T:2099 you reached level 5 of The Dungeons of Doom. On T:2412 you advanced to experience level 4. On T:2431 you reached level 6 of The Dungeons of Doom. On T:2507 you advanced to experience level 5. On T:2882 you reached level 1 of The Gnomish Mines. On T:2889 you reached level 2 of The Gnomish Mines. On T:2923 you reached level 3 of The Gnomish Mines. On T:2998 you advanced to experience level 6. On T:3333 you reached level 4 of The Gnomish Mines. On T:4421 you advanced to experience level 7. On T:4843 you reached level 7 of The Dungeons of Doom. On T:5200 you reached level 8 of The Dungeons of Doom. On T:5492 you reached level 4 of Sokoban. On T:6862 you advanced to experience level 8. On T:6959 you reached level 3 of Sokoban. On T:7665 you reached level 2 of Sokoban. On T:8275 you reached level 1 of Sokoban. On T:9647 you reached level 9 of The Dungeons of Doom. On T:12106 you advanced to experience level 9. On T:12253 you received Magicbane from Anhur. On T:14367 you reached level 10 of The Dungeons of Doom. On T:14448 you reached level 11 of The Dungeons of Doom. On T:14651 you reached level 12 of The Dungeons of Doom. On T:14924 you advanced to experience level 10. On T:15644 you reached level 5 of The Gnomish Mines. On T:15883 you reached level 6 of The Gnomish Mines. On T:16250 you reached level 7 of The Gnomish Mines. On T:16551 you reached level 8 of The Gnomish Mines. On T:16751 you reached level 9 of The Gnomish Mines. On T:18347 you reached level 13 of The Dungeons of Doom. On T:18574 you reached level 1 of The Quest. On T:18612 you reached level 14 of The Dungeons of Doom. On T:18725 you reached level 16 of The Dungeons of Doom. On T:18756 you reached level 17 of The Dungeons of Doom. On T:19090 you reached level 15 of The Dungeons of Doom. On T:19109 you advanced to experience level 11. On T:21597 you reached level 18 of The Dungeons of Doom. On T:21778 you reached level 19 of The Dungeons of Doom. On T:22289 you reached level 20 of The Dungeons of Doom. On T:22662 you reached level 24 of The Dungeons of Doom. On T:22805 you advanced to experience level 12. On T:22973 you killed Medusa on level 24 of The Dungeons of Doom. On T:23053 you reached level 25 of The Dungeons of Doom. On T:23851 you reached level 26 of The Dungeons of Doom. On T:24531 you reached The Castle. On T:25673 you advanced to experience level 13. On T:25945 you wished for "3 blessed scrolls of charging". On T:25950 you wished for "blessed fixed Master Key of Thievery". On T:26257 you wished for "blessed fixed +3 silver dragonscale mail". On T:26310 you reached The Valley of the Dead. On T:27160 you advanced to experience level 14. On T:27690 you reached level 2 of Gehennom. On T:27947 you embarked upon an epic quest. On T:27981 you reached level 2 of The Quest. On T:28329 you reached level 3 of The Quest. On T:29067 you reached level 4 of The Quest. On T:29327 you reached level 5 of The Quest. On T:29867 you killed Dark One on level 5 of The Quest. On T:30285 you completed the quest! On T:42826 you were chosen to steal souls for your god's glory! On T:42894 you reached level 9 of Gehennom. On T:42966 you reached level 8 of Gehennom. On T:43309 you reached level 10 of Gehennom. On T:43840 you reached level 11 of Gehennom. On T:44672 you killed Orcus on level 10 of Gehennom. On T:44885 you reached level 12 of Gehennom. On T:45497 you reached level 13 of Gehennom. On T:45687 you reached level 14 of Gehennom. On T:45753 you reached level 3 of Vlad's Tower. On T:45829 you reached level 2 of Vlad's Tower. On T:45877 you reached level 1 of Vlad's Tower. On T:45978 you killed Vlad the Impaler on level 1 of Vlad's Tower. On T:46129 you advanced to experience level 15. On T:46213 you wished for "blessed fixed wand of polymorph". On T:46402 you wished for "uncursed magic marker". On T:47522 you reached level 19 of Gehennom. On T:47967 you wished for "uncursed magic marker". On T:47967 you wished for "uncursed magic marker". On T:48018 you wished for "blessed fixed +3 T-shirt". On T:48101 you reached level 18 of Gehennom. On T:48204 you reached level 17 of Gehennom. On T:48232 you reached level 16 of Gehennom. On T:48250 you reached level 15 of Gehennom. On T:48585 you killed Wizard of Yendor on level 11 of Gehennom. On T:48585 you advanced to experience level 14. On T:48804 you performed the invocation. On T:48808 you reached level 20 of Gehennom. On T:48873 you killed high priest of Moloch on level 20 of Gehennom. On T:48876 you gained the Amulet of Yendor! On T:49857 you reached level 7 of Gehennom. On T:49952 you reached level 6 of Gehennom. On T:49956 you killed Juiblex on level 6 of Gehennom. On T:50007 you reached level 5 of Gehennom. On T:50070 you reached level 4 of Gehennom. On T:50083 you reached level 3 of Gehennom. On T:50695 you reached level 23 of The Dungeons of Doom. On T:50696 you killed Wizard of Yendor on level 23 of The Dungeons of Doom. On T:50765 you reached level 21 of The Dungeons of Doom. On T:51091 you killed Wizard of Yendor on level 14 of The Dungeons of Doom. On T:51289 you advanced to experience level 15. On T:51445 you wished for "uncursed magic marker". On T:51448 you lost the Amulet of Yendor. On T:51450 you gained the Amulet of Yendor! On T:51648 you reached the Plane of Earth. On T:51648 you lost the Amulet of Yendor. On T:51649 you killed Wizard of Yendor on the Plane of Earth. On T:51651 you gained the Amulet of Yendor! On T:51697 you reached the Plane of Air. On T:51750 you reached the Plane of Fire. On T:51758 you reached the Plane of Water. On T:51843 you reached the Astral Plane. On T:51847 you killed Famine on the Astral Plane. On T:51864 you killed Famine on the Astral Plane. On T:51876 you killed Pestilence on the Astral Plane. On T:51925 you killed Death on the Astral Plane. On T:51936 you killed Famine on the Astral Plane. On T:51963 you lost the Amulet of Yendor. On T:51963 you offered the Amulet of Yendor to Anhur and ascended to the status of Demigod! Score breakdown: Gold: 11258 (13781 points) Experience: 15 levels (20844 points) Exploration: 47 levels (100.00%) (30000 points) Discoveries: 138 items ( 49.82%) (21174 points) Valuables value: 150 ( 7412 points) Artifact value: 21000 (14702 points) Variety of kills: 272 monsters ( 71.39%) (25347 points) Turncount: 51963 turns (-4813 points) Survival: ascended (score multiplied by 200%) Total score: 256894 Latest messages: The high priest intones: "Pilgrim, you enter a sacred place!" The Angel of Thoth zaps a wand of create monster! You hit the Angel of Thoth! The magic-absorbing blade probes the Angel of Thoth! You kill the Angel of Thoth! There are a few objects here. The clay golem bumps right into you! The clay golem turns to flee! The high priestess of Anhur casts a spell! The high priestess of Anhur looks better. There is an altar to Anhur (chaotic) here. You offer the Amulet of Yendor to Anhur... An invisible choir sings, and you are bathed in radiance... The voice of Anhur thunders: "Congratulations, mortal!" "In return for thy service, I grant thee the gift of Immortality!" You ascend to the status of Demigod... Final status: Goodbye Elenmirie the Demigod, ascended... You went to your reward with 256894 points, Magicbane (worth 3500 zorkmids) The Candelabrum of Invocation (worth 5000 zorkmids) The Eye of the Aethiopica (worth 4000 zorkmids) The Master Key of Thievery (worth 3500 zorkmids) The Bell of Opening (worth 5000 zorkmids) 1 amulet of life saving (worth 150 zorkmids), and 11258 pieces of gold, after 51963 moves. You were level 15 with a maximum of 125 hit points when you ascended.